 Dungeon Crawl Stone Soup version 0.24-a0-530-g18ba70b5 (webtiles) character file.

Game seed: 13501894580851217006

121372 Birdy the Fighter (level 16, -1/134 HPs)
             Began as a Barachi Hunter on May 31, 2019.
             Was the Champion of Okawaru.
             Slain by a harpy (4 damage)
             ... on level 4 of the Shoals on Aug 7, 2019.
             The game lasted 03:11:00 (27471 turns).

Birdy the Fighter (Barachi Hunter)                 Turns: 27471, Time: 03:11:01

Health: -1/134     AC: 35    Str: 21    XL:     16   Next: 84%
Magic:  25/25      EV: 17    Int: 16    God:    Okawaru [******]
Gold:   484        SH:  0    Dex: 20    Spells: 7/15 levels left

rFire    + . .     SeeInvis +   h - +8 lajatang (elec)
rCold    . . .     Gourm    .   (shield currently unavailable)
rNeg     + + .     Faith    .   V - +13 chain mail "Odghall" {rN+ Int+2 Stlth+}
rPois    +         Spirit   .   d - +2 hat {SInv}
rElec    +         Reflect  .   e - +0 cloak of Cowardice {-Cast Str+4}
rCorr    .         Harm     .   M - +2 pair of gloves {Str+3}
MR       +....     NoCast   +   U - +1 pair of boots {Fly}
Stlth    ..........             m - amulet of Iryugoz {Regen+ Dex+3}
HPRegen  1.12/turn              A - ring of protection from magic
MPRegen  0.19/turn              N - ring "Ekutour" {+Fly rPois rF+ rN+ MR-}

@: can't hop, flying, slow
A: +LOS, swims, blink, regeneration 1, electricity resistance, slowness 1,
subdued magic 1, strong legs 2
a: Hop, Blink, Heroism, Finesse, Renounce Religion, Stop Flying


You were on level 4 of the Shoals.
You worshipped Okawaru.
Okawaru was exalted by your worship.
You were very hungry.

You visited 5 branches of the dungeon, and saw 25 of its levels.
You also visited: Bailey and Gauntlet.

You collected 2494 gold pieces.
You spent 2010 gold pieces at shops.

Inventory:

Hand Weapons
 h - a +8 lajatang of electrocution (weapon)
 l - a +5 lajatang of speed
Missiles
 w - 32 silver javelins (quivered)
 D - 30 javelins
 F - 15 atropa-tipped darts
 G - 4 throwing nets
 K - a datura-tipped dart
 O - 22 boomerangs
 R - 10 silver boomerangs
Armour
 a - the +0 pair of boots of the Turtle {-Tele +Fly rElec rF+}
   (You found it on level 1 of the Orcish Mines)

   It protects you from fire.
   It insulates you from electricity.
   It lets you fly.
   It prevents most forms of teleportation.
 d - a +2 hat of see invisible (worn)
 e - the +0 cloak of Cowardice (worn) {-Cast Str+4}
   (You found it in a Gauntlet)

   It affects your strength (+4).
   It prevents spellcasting.
 j - a +2 pair of boots
 q - a +0 plate armour of magic resistance
 u - a +0 helmet
 z - the +0 plate armour of Sin {rF+ rC++ SInv}
   (You bought it in a shop on level 2 of the Orcish Mines)

   It protects you from fire.
   It greatly protects you from cold.
   It lets you see invisible.
 M - a +2 pair of gloves of strength (worn)
 U - a +1 pair of boots of flying (worn)
 V - the +13 chain mail "Odghall" (worn) {rN+ Int+2 Stlth+}
   (You found it on level 1 of the Shoals)

   It affects your intelligence (+2).
   It protects you from negative energy.
   It makes you more stealthy.
Jewellery
 m - the amulet of Iryugoz (around neck) {Regen+ Dex+3}
   (You found it on level 6 of the Lair of Beasts)

   [amulet of regeneration]

   It affects your dexterity (+3).
   It increases your rate of regeneration.
 A - a ring of protection from magic (left hand)
 N - the ring "Ekutour" (right hand) {+Fly rPois rF+ rN+ MR-}
   (You found it on level 4 of the Lair of Beasts)

   [ring of positive energy]

   It protects you from fire.
   It protects you from poison.
   It protects you from negative energy.
   It affects your resistance to hostile enchantments.
   It lets you fly.
Wands
 n - a wand of clouds (6)
 r - a wand of random effects (9)
 t - a wand of enslavement (7)
 J - a wand of paralysis (10)
 Q - a wand of flame (31)
 S - a wand of polymorph (9)
Scrolls
 b - 7 scrolls of remove curse
 s - 2 scrolls of magic mapping
 x - 3 scrolls of amnesia
 C - 7 scrolls of teleportation
 E - 4 scrolls of enchant armour
 I - 3 scrolls of identify
Potions
 c - 4 potions of brilliance
 k - 3 potions of lignification
 o - a potion of might
 p - a potion of cancellation
 v - 2 potions of flight
Miscellaneous
 H - a lightning rod (4/4)
 Z - a crystal ball of energy
Comestibles
 f - 25 rations


   Skills:
 + Level 14.8 Fighting
   Level 1.5 Long Blades
 - Level 14.0 Staves
 - Level 10.6 Throwing
 + Level 12.2 Armour
 + Level 13.7 Dodging
 - Level 0.8 Stealth
   Level 1.5 Shields
 - Level 4.7 Hexes
 - Level 4.8 Translocations
 - Level 7.2 Air Magic
 - Level 12.0 Evocations


You had 7 spell levels left.
You knew the following spells:

 Your Spells              Type           Power        Failure   Level  Hunger
a - Portal Projectile     Hex/Tloc       ##....       47%         3    ####...
b - Airstrike             Air            ###.......   54%         4    #####..
c - Shock                 Conj/Air       #...         28%         1    ##.....

Your spell library contained the following spells:

 Spells                   Type           Power        Failure   Level  Hunger
 Corona                   Hex            ##.....      19%         1    ##.....
 Slow                     Hex            ##......     28%         2    ###....
 Swiftness                Chrm/Air       #.......     41%         2    ###....
 Static Discharge         Conj/Air       #.......     65%         3    ####...
 Animate Skeleton         Necr           N/A          78%         1    ##.....
 Beastly Appendage        Tmut           #.....       78%         1    ##.....
 Pain                     Necr           #...         78%         1    ##.....
 Summon Small Mammal      Summ           #...         78%         1    ##.....
 Inner Flame              Hex/Fire       #.......     83%         3    ####...
 Summon Guardian Golem    Hex/Summ       #.......     83%         3    ####...
 Call Imp                 Summ           #.......     89%         2    ###....
 Passwall                 Tmut/Erth      #.......     89%         2    ###....
 Sticks to Snakes         Tmut           #.......     89%         2    ###....
 Cause Fear               Hex            ##........   89%         4    #####..
 Summon Lightning Spire   Summ/Air       #.......     96%         4    #####..
 Call Canine Familiar     Summ           #.......     99%         3    ####...
 Regeneration             Chrm/Necr      #.........   99%         3    ####...
 Spider Form              Tmut/Pois      #.........   99%         3    ####...
 Vampiric Draining        Necr           #.........   99%         3    ####...
 Leda's Liquefaction      Hex/Erth       #.........   99%         4    #####..
 Animate Dead             Necr           N/A          100%        4    #####..
 Ice Form                 Ice/Tmut       #.......     100%        4    #####..
 Summon Ice Beast         Ice/Summ       #.......     100%        4    #####..
 Blade Hands              Tmut           #.........   100%        5    ######.
 Bolt of Magma            Conj/Fire/Erth #.........   100%        5    ######.
 Excruciating Wounds      Chrm/Necr      #.........   100%        5    ######.
 Iskenderun's Battlesphe  Conj/Chrm      #.......     100%        5    ######.
 Lightning Bolt           Conj/Air       #.........   100%        5    ######.
 Metabolic Englaciation   Hex/Ice        #.........   100%        5    ######.
 Venom Bolt               Conj/Pois      #.........   100%        5    ######.
 Bolt of Cold             Conj/Ice       #.........   100%        6    #######
 Freezing Cloud           Conj/Ice/Air   #.........   100%        6    #######
 Iron Shot                Conj/Erth      #.........   100%        6    #######
 Ozocubu's Refrigeration  Ice            #.........   100%        6    #######
 Simulacrum               Ice/Necr       #.........   100%        6    #######
 Orb of Destruction       Conj           #.........   100%        7    #######
 Spellforged Servitor     Conj/Summ      #.........   100%        7    #######


Dungeon Overview and Level Annotations

Branches:
Dungeon (12/15)            Temple (1/1) D:7            Lair (6/6) D:9
 Shoals (4/4) Lair:2        Snake (0/4) Lair:4        Slime (0/5) Lair:6
    Orc (2/2) D:9             Elf (0/3) Orc:2

Altars:
Ashenzari
Cheibriados
Dithmenos
Elyvilon
Fedhas
Gozag
Hepliaklqana
Kikubaaqudgha
Makhleb
Nemelex Xobeh
Okawaru
Qazlal
Ru
Sif Muna
Trog
Uskayaw
Vehumet
Wu Jian
Xom
Yredelemnul
Zin
The Shining One
Beogh

Shops:
D:4 }   D:6 :   D:8 }   D:9 [%*%   D:11 [%?   Orc:1 *=*(   Orc:2 [*:(
Shoals:2 }

Portals:
Hell: Lair:6
Trove: D:12 (give 11 potions of heal wounds)

Annotations:
Lair:1 3 runed translucent doors, ArcanElement's ghost, novice DEWz


Innate Abilities, Weirdness & Mutations

Shadows flee at your approach. (+LOS)
You can swim through water.
You cover ground slowly.
You can hop long distances.
You can translocate small distances at will.
Your natural rate of healing is unusually fast.
You are resistant to electric shocks. (rElec)
Your spells are a little easier to cast, but a little less powerful.


Message History

The harpy misses you. The harpy claws you but does no damage.
The harpy barely misses you. The harpy closely misses you.
The harpy completely misses you. The harpy claws you but does no damage.
The harpy closely misses you. The harpy barely misses you.
The harpy claws you but does no damage. The harpy barely misses you.
Unknown command.
You blink.
You feel slightly more hungry.
The harpy screeches! x5
The harpy completely misses you. The harpy claws you but does no damage.
Unknown command.
Okay, then.
Okay, then.
Evoke which item? (* to show all) (? for menu, Esc to quit)
Aiming: Phantom Mirror
Press: ? - help, Dir - move target cursor, f - harpy
Aim: a harpy (water)
You reflect the harpy with the mirror, and the mirror shatters!
The harpy screeches!
The harpy claws you but does no damage. The harpy claws you.
You die...

≈≈≈≈≈≈≈≈≈≈≈≈≈≈≈≈#
≈≈≈≈≈≈≈≈≈≈≈≈≈≈≈≈#
..≈≈≈≈≈≈≈≈≈≈≈≈≈≈≈≈≈≈#
...≈≈≈≈≈≈≈≈≈≈≈≈≈≈≈≈≈#
...≈≈≈≈≈≈≈≈≈≈≈≈≈≈≈≈≈#
...≈≈≈≈≈≈≈≈≈≈≈≈≈≈≈≈≈#
....≈≈≈≈≈≈≈≈≈≈≈≈≈≈≈≈#
....≈≈≈..≈≈HH≈≈≈≈≈≈≈#
......≈≈.≈HH@≈≈≈≈≈≈≈#
#......≈≈≈≈≈H≈≈≈≈≈≈≈#
.....≈..§≈.H≈≈≈≈≈≈≈≈#
.#######.≈≈≈≈≈≈≈≈≈≈≈#
##≈≈≈≈≈≈≈≈≈≈≈#
##≈≈≈≈≈≈≈≈≈≈#
#≈≈≈≈≈≈≈≈≈≈#
#≈≈≈≈≈≈≈≈≈≈#
#≈≈≈≈≈≈≈≈≈≈#


You could see 5 harpies and a friendly harpy.

Vanquished Creatures
  A kraken (Shoals:1)
  The ghost of Strat the Impaler, an adept FoAM of Hepliaklqana (Lair:4)
  The ghost of topirishpotato the Fighter, a journeyman FoFi of Okawaru (Lair:4)
  The ghost of zazu2006 the Fighter, a journeyman GnWn of Vehumet (Lair:4)
  The ghost of Castrefui the Thaumaturge, a journeyman DDNe of Vehumet (Lair:6)
  3 merfolk javelineers
  A minotaur (Gauntlet)
  An ettin (Orc:1)
  6 merfolk impalers
  Josephine (D:12)
  The ghost of slphil the Covert, a journeyman VSAs of Dithmenos (Lair:4)
  Fannar (D:10)
  5 hydras
  A catoblepas (Lair:6)
  An alligator snapping turtle (Shoals:1)
  A merfolk aquamancer (Shoals:4)
  2 merfolk avatars
  3 two-headed ogres
  2 satyrs (Shoals:2)
  Nergalle (D:10)
  2 orc high priests
  Urug (Lair:6)
  2 fire crabs
  7 sea snakes
  A wizard (Lair:6)
  Pikel (D:8)
  19 harpies
  8 orc knights
  9 fauns
  4 orc sorcerers
  An ugly thing (D:11)
  5 cyclopes
  An oklob plant (Lair:5)
  7 manticores
  10 elephants
  2 torpor snails
  A moth of wrath (Lair:6)
  3 water nymphs
  9 merfolk sirens
  A smoke demon (Lair:6)
  A centaur zombie (D:11)
  8 black mambas
  4 orange demons
  16 spiny frogs
  4 rime drakes
  6 komodo dragons
  A yaktaur (Shoals:2)
  4 ice devils (Lair:6)
  6 red devils
  18 merfolk
  A wind drake (Shoals:2)
  A polar bear (Lair:4)
  8 trolls
  A jumping spider (Orc:1)
  12 blink frogs
  15 dream sheep
  10 hippogriffs
  4 snapping turtles
  A centaur simulacrum (Gauntlet)
  13 flying skulls (Gauntlet)
  4 water elementals
  6 wraiths (D:12)
  23 yaks
  5 wyverns
  A hungry ghost (D:9)
  2 basilisks (Lair:2)
  Grum (D:8)
  4 fire bats (Gauntlet)
  3 vampire mosquitoes (D:12)
  3 wargs (Orc:2)
  14 water moccasins
  4 hell hounds (Lair:6)
  13 porcupines
  32 orc warriors
  3 ice beasts
  A sky beast (D:5)
  3 slaves (D:8)
  3 black bears
  An eye of draining (D:11)
  5 phantoms
  A necrophage (D:9)
  8 ogres
  20 crocodiles
  16 centaurs
  19 wolves
  3 big kobolds
  Blork the orc (Orc:2)
  16 bullfrogs
  A gnoll sergeant (D:4)
  A wyvern zombie (D:11)
  3 scorpions
  2 wyvern skeletons (D:6)
  A hornet simulacrum (Gauntlet)
  9 killer bees
  6 howler monkeys
  2 electric eels (D:9)
  3 crimson imps
  3 bullfrog zombies
  8 hounds
  2 quasits
  5 jellies
  27 orc wizards
  A gnoll shaman (D:6)
  24 orc priests
  2 centaur skeletons
  A bullfrog skeleton (D:11)
  3 iguanas
  6 hell rats (Lair:5)
  9 worker ants
  3 hound zombies
  A hound skeleton (D:4)
  A worker ant zombie (D:8)
  7 gnolls
  19 adders
  2 shadow imps
  An adder skeleton (D:4)
  4 worms
  A dart slug (D:1)
  6 leopard geckos
  75 orcs
  4 bats
  6 giant cockroaches
  12 goblins
  9 hobgoblins
  9 jackals
  17 kobolds
  6 quokkas
  2 ball pythons
  6 frilled lizards
  A leopard gecko skeleton (D:9)
  A quokka skeleton (D:6)
  A quokka zombie (D:7)
  4 rats
  A bush (Lair:5)
  A butterfly (Lair:1)
  2 plants
799 creatures vanquished.

Vanquished Creatures (collateral kills)
  Roxanne (Shoals:4)
  A sun demon (Lair:6)
  A merfolk siren (Shoals:4)
  4 merfolk (Shoals:4)
  A yak (Lair:6)
  A water moccasin (Lair:6)
  A crocodile (Lair:6)
10 creatures vanquished.

Vanquished Creatures (others)
  A merfolk (Shoals:4)
  A wolf (Lair:4)
  2 howler monkeys (D:4)
  An orc priest (D:12)
  2 orc wizards
  A worker ant (D:4)
  An adder (D:4)
  A giant cockroach (D:4)
  13 fungi
  9 plants
  4 tentacles (Shoals:1)
36 creatures vanquished.

Grand Total: 845 creatures vanquished

Notes
Turn   | Place    | Note
-------+----------+-------------------------------------------
     0 | D:1      | Birdy the Barachi Hunter began the quest for the Orb.
     0 | D:1      | Reached XP level 1. HP: 17/17 MP: 1/1
    86 | D:1      | Reached XP level 2. HP: 21/23 MP: 2/2
   242 | D:1      | Reached XP level 3. HP: 29/29 MP: 3/3
   660 | D:2      | Found an opulent altar of Gozag.
   767 | D:2      | Reached XP level 4. HP: 24/35 MP: 4/4
  1717 | D:3      | Reached skill level 5 in Throwing
  1797 | D:3      | Found a faded altar of an unknown god.
  1895 | D:3      | Reached XP level 5. HP: 42/42 MP: 5/5
  2019 | D:3      | You fall into a shaft and drop 3 floors!
  2277 | D:6      | Reached XP level 6. HP: 41/49 MP: 6/6
  2293 | D:6      | Found Zeisomai's Book Shop.
  2416 | D:6      | Gained mutation: You can translocate small distances at
                  | will. [potion of mutation]
  2416 | D:6      | Gained mutation: Scrolls take you a little longer to read.
                  | [potion of mutation]
  2416 | D:6      | Gained mutation: You possess an exceptional clarity of
                  | mind. [potion of mutation]
  2789 | D:6      | Reached XP level 7. HP: 55/55 MP: 7/7
  2795 | D:6      | Reached skill level 5 in Fighting
  3347 | D:5      | Entered Level 5 of the Dungeon
  3383 | D:5      | Reached skill level 5 in Dodging
  3636 | D:5      | Reached XP level 8. HP: 61/64 MP: 8/8
  4327 | D:5      | Found a burning altar of Makhleb.
  4462 | D:4      | Reached skill level 1 in Staves
  4867 | D:4      | Found Zuopp's Gadget Boutique.
  5082 | D:4      | Found a shimmering altar of Xom.
  5116 | D:4      | Got a smoking robe
  5127 | D:4      | Identified the cursed +1 robe of Bem Gulu {MR- Int+5 Dex+2}
                  | (You found it on level 4 of the Dungeon)
  5914 | D:7      | Reached XP level 9. HP: 59/72 MP: 9/9
  6207 | D:7      | Lost mutation: Scrolls take you a little longer to read.
                  | [potion of mutation]
  6207 | D:7      | Lost mutation: You possess an exceptional clarity of mind.
                  | [potion of mutation]
  6207 | D:7      | Gained mutation: Your natural rate of healing is unusually
                  | fast. [potion of mutation]
  6207 | D:7      | Gained mutation: You are resistant to electric shocks.
                  | (rElec) [potion of mutation]
  6269 | D:7      | Found a flagged portal.
  6332 | Bailey   | Entered a bailey
  6493 | Bailey   | Noticed an orc knight
  6534 | Bailey   | Killed an orc knight
  6626 | Bailey   | Reached skill level 5 in Staves
  6931 | D:7      | Found a staircase to the Ecumenical Temple.
  6941 | Temple   | Entered the Ecumenical Temple
  7192 | Temple   | Became a worshipper of Warmaster Okawaru
  7508 | D:8      | Reached XP level 10. HP: 82/82 MP: 10/10
  7668 | D:8      | Noticed Pikel
  7675 | D:8      | Killed Pikel
  7675 | D:8      | Reached * piety under Okawaru
  7703 | D:8      | Noticed Grum
  7722 | D:8      | Killed Grum
  7854 | D:8      | Found Ytithy's Gadget Shoppe.
  7859 | D:8      | Bought a lightning rod (4/4) for 480 gold pieces
  8011 | D:9      | Reached ** piety under Okawaru
  8014 | D:9      | Reached skill level 1 in Evocations
  8014 | D:9      | Reached skill level 1 in Armour
  8046 | D:9      | Found a staircase to the Lair.
  8404 | D:9      | Found Ipaylagyki's Food Emporium.
  8450 | D:9      | Found Iteutounn's Food Shop.
  8496 | D:9      | Found Ces Hoc's Armour Shop.
  8508 | D:9      | Reached *** piety under Okawaru
  8525 | D:9      | Reached XP level 11. HP: 78/90 MP: 13/13
  8603 | D:9      | Found Fiefred's General Store.
  8755 | D:9      | Reached skill level 10 in Throwing
  8853 | D:9      | Received a gift from Okawaru
  8957 | D:9      | Found a staircase to the Orcish Mines.
  9111 | D:9      | Reached skill level 10 in Fighting
  9135 | D:10     | Entered Level 10 of the Dungeon
  9191 | D:10     | Noticed a manticore
  9200 | D:10     | Killed a manticore
  9290 | D:10     | Noticed Nergalle
  9300 | D:10     | Reached **** piety under Okawaru
  9343 | D:10     | Noticed a spectral orc warlord
  9346 | D:10     | Killed Nergalle
  9346 | D:10     | Reached skill level 5 in Evocations
  9360 | D:10     | Noticed Fannar
  9389 | D:10     | Killed Fannar
  9523 | D:10     | Got a distressingly furry ring mail
  9535 | D:10     | Identified the +3 ring mail of Peirchol {rC+ Str+3} (You
                  | found it on level 10 of the Dungeon)
  9970 | Lair:1   | Entered Level 1 of the Lair of Beasts
  9981 | Lair:1   | Learned a level 3 spell: Portal Projectile
 10038 | Lair:1   | Received a gift from Okawaru
 10221 | Lair:1   | Reached skill level 1 in Hexes
 10221 | Lair:1   | Reached skill level 1 in Translocations
 10225 | Lair:1   | Reached ***** piety under Okawaru
 10428 | Lair:1   | Found a runed translucent gate.
 10428 | Lair:1   | Found a runed translucent gate.
 10428 | Lair:1   | Found a runed translucent gate.
 10428 | Lair:1   | Noticed ArcanElement's ghost (novice DEWz)
 10894 | Lair:2   | Reached XP level 12. HP: 99/99 MP: 16/16
 10898 | Lair:2   | Received a gift from Okawaru
 10898 | Lair:2   | Reached skill level 5 in Armour
 11440 | Lair:2   | Found a staircase to the Shoals.
 11726 | Lair:3   | Received a gift from Okawaru
 11726 | Lair:3   | Reached skill level 10 in Dodging
 11932 | Lair:3   | Noticed an eight-headed hydra
 11941 | Lair:3   | Killed an eight-headed hydra
 12214 | Lair:3   | Noticed a five-headed hydra
 12234 | Lair:3   | Killed a five-headed hydra
 12234 | Lair:3   | Received a gift from Okawaru
 12594 | Lair:3   | Received a gift from Okawaru
 13026 | Lair:4   | Found a runed translucent gate.
 13026 | Lair:4   | Found a runed translucent gate.
 13026 | Lair:4   | Found a runed translucent gate.
 13027 | Lair:4   | Noticed zazu2006's ghost (journeyman GnWn)
 13027 | Lair:4   | Noticed slphil's ghost (journeyman VSAs)
 13027 | Lair:4   | Noticed Strat's ghost (adept FoAM)
 13027 | Lair:4   | Noticed topirishpotato's ghost (journeyman FoFi)
 13086 | Lair:4   | Noticed a four-headed hydra
 13101 | Lair:4   | Killed a four-headed hydra
 13101 | Lair:4   | Reached ****** piety under Okawaru
 13147 | Lair:4   | Received a gift from Okawaru
 13147 | Lair:4   | Gained mutation: You can hop long distances. [Barachi
                  | growth]
 13147 | Lair:4   | Reached XP level 13. HP: 106/106 MP: 19/19
 13188 | Lair:4   | Found a staircase to the Snake Pit.
 13367 | Lair:4   | HP: 5/159 [black mamba (9)]
 14383 | Lair:5   | Received a gift from Okawaru
 14502 | Lair:5   | Found a gate leading to a gauntlet.
 14514 | Gauntlet | Entered a Gauntlet
 14514 | Gauntlet | Found a transporter.
 14516 | Gauntlet | Found a transporter.
 14522 | Gauntlet | Found a transporter.
 14536 | Gauntlet | Found a transporter.
 14539 | Gauntlet | Found a transporter.
 14550 | Gauntlet | Found a transporter.
 14573 | Gauntlet | Found a transporter.
 14583 | Gauntlet | Found a transporter.
 14593 | Gauntlet | Found a transporter.
 14616 | Gauntlet | Found a transporter.
 14628 | Gauntlet | Found a transporter.
 14628 | Gauntlet | Found a transporter.
 14676 | Gauntlet | Found a transporter.
 14690 | Gauntlet | Found a transporter.
 14764 | Gauntlet | Got a steaming pewter amulet
 14843 | Gauntlet | Identified the amulet "Kekhuimm" {Gourm +Blink} (You found
                  | it in a Gauntlet)
 14850 | Gauntlet | Upgraded the game from 0.24-a0-373-g39439d8 to
                  | 0.24-a0-530-g18ba70b5
 15099 | Gauntlet | Reached skill level 1 in Long Blades
 15119 | Gauntlet | Got a faintly humming cloak
 15132 | Gauntlet | Identified the +0 cloak of Cowardice {-Cast Str+4} (You
                  | found it in a Gauntlet)
 15243 | Gauntlet | Noticed a minotaur
 15253 | Gauntlet | Killed a minotaur
 15322 | Gauntlet | Got a brightly glowing robe
 15343 | Gauntlet | Identified the cursed +1 robe of the Everdark {rPois} (You
                  | found it in a Gauntlet)
 15360 | Gauntlet | Learned a level 4 spell: Airstrike
 15362 | Gauntlet | Learned a level 1 spell: Shock
 15494 | Lair:5   | Reached skill level 1 in Air Magic
 15503 | Lair:5   | Reached skill level 10 in Evocations
 16751 | Lair:6   | Entered Level 6 of the Lair of Beasts
 16821 | Lair:6   | Received a gift from Okawaru
 16821 | Lair:6   | Reached XP level 14. HP: 66/115 MP: 13/21
 17108 | Lair:6   | Received a gift from Okawaru
 17341 | Lair:6   | Reached skill level 10 in Staves
 17442 | Lair:6   | Found a transporter.
 17458 | Lair:6   | Noticed Urug
 17465 | Lair:6   | Killed Urug
 17526 | Lair:6   | Reached skill level 5 in Air Magic
 17561 | Lair:6   | Noticed Castrefui's ghost (journeyman DDNe)
 17784 | Lair:6   | Found a burning altar of Makhleb.
 17803 | Lair:6   | HP: 4/116 [sun demon (18)]
 17977 | Lair:6   | Found a transporter.
 18105 | Lair:6   | Received a gift from Okawaru
 18294 | Lair:6   | Found a staircase to the Slime Pits.
 18626 | Lair:6   | Found a gateway to Hell.
 18806 | Lair:6   | Killed Castrefui's ghost
 18866 | Lair:6   | Got a shimmering steel amulet
 18879 | Lair:6   | Identified the amulet of Iryugoz {Regen+ Dex+3} (You found
                  | it on level 6 of the Lair of Beasts)
 19033 | Lair:4   | Got a scorched bone ring
 19058 | Lair:4   | Killed zazu2006's ghost
 19079 | Lair:4   | Killed Strat's ghost
 19079 | Lair:4   | Received a gift from Okawaru
 19117 | Lair:4   | Killed topirishpotato's ghost
 19130 | Lair:4   | Identified the ring "Ekutour" {+Fly rPois rF+ rN+ MR-} (You
                  | found it on level 4 of the Lair of Beasts)
 19194 | Lair:4   | Killed slphil's ghost
 19449 | Orc:1    | Entered Level 1 of the Orcish Mines
 19729 | Orc:2    | Entered Level 2 of the Orcish Mines
 19924 | Orc:2    | Noticed an orc warlord
 19931 | Orc:2    | an orc warlord changed into a seven-headed hydra
 19945 | Orc:2    | Reached skill level 1 in Shields
 20079 | Orc:2    | Reached XP level 15. HP: 122/122 MP: 18/23
 20110 | Orc:2    | Gained mutation: Your spells are a little easier to cast,
                  | but a little less powerful. [a neqoxec]
 20113 | Orc:2    | Received a gift from Okawaru
 20200 | Orc:2    | Noticed Blork the orc
 20201 | Orc:2    | Found a roughly hewn altar of Beogh.
 20203 | Orc:2    | Got an iridescent lajatang {god gift}
 20208 | Orc:2    | Identified the +0 lajatang of Bodily Harmony {freeze, rElec
                  | rPois Str+3 Dex-5 Stlth+} (Okawaru gifted it to you on
                  | level 2 of the Orcish Mines)
 20224 | Orc:2    | Killed Blork the orc
 20396 | Orc:2    | Found Bisyxil's Book Shoppe.
 20443 | Orc:2    | Found Uxydus's Antique Weapon Shoppe.
 20537 | Orc:2    | Found a staircase to the Elven Halls.
 20727 | Orc:2    | Found Ygiawiz's General Store.
 20742 | Orc:2    | Found Odayn's Antique Armour Shoppe.
 20749 | Orc:2    | Bought a faintly humming plate armour for 644 gold pieces
 20759 | Orc:2    | Identified the +0 plate armour of Sin {rF+ rC++ SInv} (You
                  | bought it in a shop on level 2 of the Orcish Mines)
 20947 | Orc:2    | Bought a glowing lajatang for 558 gold pieces
 21419 | Orc:1    | Found Juttoab's Jewellery Emporium.
 21423 | Orc:1    | Found a transporter.
 21430 | Orc:1    | Found a roughly hewn altar of Beogh.
 21430 | Orc:1    | Found a transporter.
 21437 | Orc:1    | You fall into a shaft and drop 1 floor!
 21512 | Orc:1    | Noticed an orc warlord
 21632 | Orc:1    | Got a pair of ichor-stained boots
 21643 | Orc:1    | Identified the +0 pair of boots of the Turtle {-Tele +Fly
                  | rElec rF+} (You found it on level 1 of the Orcish Mines)
 21798 | Orc:1    | Found Haeryd Zuatt's General Store.
 22063 | Orc:1    | Found Sicsied's Weapon Boutique.
 22170 | Orc:1    | Found Kykam's Assorted Antiques.
 22451 | D:11     | You fall into a shaft and drop 1 floor!
 22457 | D:12     | Received a gift from Okawaru
 22508 | D:11     | Found Pocvootz's Armour Emporium.
 22519 | D:11     | Reached skill level 10 in Armour
 22553 | D:11     | Found Haudghir's Magic Scroll Shoppe.
 22588 | D:11     | Bought a scroll of enchant weapon for 97 gold pieces
 22618 | D:11     | Received a gift from Okawaru
 22741 | D:11     | Found Eveidadue's Food Boutique.
 22766 | D:11     | Received a gift from Okawaru
 22926 | D:11     | Identified a scroll of acquirement
 23438 | D:12     | Noticed Josephine
 23449 | D:12     | Killed Josephine
 23486 | D:12     | Found a portal to a secret trove of treasure.
 24071 | D:11     | Bought a +1 pair of boots of flying for 231 gold pieces
 24216 | Shoals:1 | Entered Level 1 of the Shoals
 24451 | Shoals:1 | Got a pitted chain mail
 24580 | Shoals:1 | Received a gift from Okawaru
 24670 | Shoals:1 | Noticed a kraken
 24683 | Shoals:1 | Killed a kraken
 25158 | Shoals:1 | Identified the +13 chain mail "Odghall" {rN+ Int+2 Stlth+}
                  | (You found it on level 1 of the Shoals)
 25168 | Shoals:2 | Received a gift from Okawaru
 25182 | Shoals:2 | Reached XP level 16. HP: 127/132 MP: 25/25
 25219 | Shoals:2 | Found Paisave's Gadget Emporium.
 25219 | Shoals:2 | Identified Cigotuvi's Grimoire of Shifting Stolen Souls
 25311 | Shoals:2 | Received a gift from Okawaru
 27046 | Shoals:3 | Received a gift from Okawaru
 27379 | Shoals:4 | Entered Level 4 of the Shoals
 27419 | Shoals:4 | Killed Roxanne
 27464 | Shoals:4 | HP: 6/134 [merfolk javelineer/javelin (17)]
 27471 | Shoals:4 | Slain by a harpy

Levels and vault maps discovered:
D:1:      lightli_arrival_chessboard, layout_loops_ring
D:2:      kennysheep_big_flooded_room, layout_loops_ring, lemuel_crystal_altar
D:3:      layout_basic, chequers_ecumenical_altar_simple_redux, first_ration
D:4:      layout_rooms, serial_glass, glass_columns_a, glass_columns_b,
          serial_shops, nicolae_shop_waterfront, xom_confusion_cloud
D:5:      layout_basic, makhleb_blood_cavern_becter
D:6:      layout_basic, serial_shops, shop
D:7:      layout_basic, minmay_temple_entry_antechambers, enter_bailey_8,
          grunt_ogre_cave, minmay_fountain_box, chequers_serial_rivers_room_a
D:8:      layout_basic, serial_shops, kennysheep_little_box, uniq_pikel,
          uniq_grum
D:9:      layout_basic, erik_lair_island, david_orc_4, serial_shops,
          kennysheep_mini, shop, nicolae_shop_behind_doors, shop
D:10:     layout_loops_cross, minmay_beelzebubs_servants, uniq_fannar,
          uniq_nergalle
D:11:     layout_basic, serial_shops, shop, nicolae_shop_statue_plus, shop
D:12:     layout_basic, nicolae_trove_entry_free_sample,
          einodemon_armed_red_devil_minivault, uniq_josephine
Temple:   roderic_octagonal_lattice_temple
Lair:1:   layout_regular_city, gammafunk_ghost_necromancy, lemuel_fruit_fields,
          serial_bayou_shore_b, grunt_megastairs_3
Lair:2:   layout_hall_layers, minmay_shoals_entry_lonely_mermaid
Lair:3:   layout_cave_pods, beast_lair_carwin_2
Lair:4:   layout_gridlike, minmay_snake_entry_six_corridors,
          gammafunk_ghost_cemetery
Lair:5:   layout_layer_cave, gauntlet_entry_generic, bh_autumn_forest_stairs,
          minmay_lair_oklob_bushes, grunt_megastairs_1
Lair:6:   evil_forest, layout_regular_city, dpeg_slime_entry_corner,
          gammafunk_ghost_berserking_beasts, lemuel_fruit_tree, uniq_urug
Shoals:1: layout_shoals
Shoals:2: layout_shoals, serial_shops, shop_statue, yaktaur_hedge
Shoals:3: layout_shoals
Shoals:4: shoals_end_hangedman, layout_shoals, shoal_ilsuiw,
          nicolae_shoals_stone_sculpture_thing, nicolae_shoals_aquamancer_cove,
          uniq_roxanne
Orc:1:    gammafunk_beogh_shrine, layout_diamond_mine, serial_shops,
          nicolae_shop_overgrown_old_shop, nicolae_shop_statue_plus,
          nicolae_shop_statue_plus, shop
Orc:2:    grunt_orc_cross, layout_caves

Skill      XL: |  1  2  3  4  5  6  7  8  9 10 11 12 13 14 15 16 |
---------------+-------------------------------------------------+-----
Fighting       | 3 4 5 7 8 9 10 11 12 13 14 | 14.8
Dodging        | 3 4 5 6 7 9 10 11 12 13 | 13.7
Throwing       | 5 6 7 8 9 10 | 10.6
Staves         | 3 5 7 8 9 10 12 14 | 14.0
Evocations     | 3 6 8 10 11 12 | 12.0
Armour         | 2 4 6 8 9 10 12 | 12.2
Hexes          | 1 4 |  4.7
Translocations | 1 4 |  4.8
Long Blades    | 1 |  1.5
Air Magic      | 3 7 |  7.2
Shields        | 1 |  1.5
Stealth        | |  0.8

Action                   |  1- 3 |  4- 6 |  7- 9 | 10-12 | 13-15 | 16-18 || total
-------------------------+-------+-------+-------+-------+-------+-------++-------
Melee: Short sword       |    12 |    25 |       |       |       |       ||    37
       War axe           |       |    12 |       |       |       |       ||    12
       Quarterstaff      |       |     4 |   228 |   375 |   240 |       ||   847
       Staff             |       |       |       |       |   495 |       ||   495
       Double sword      |       |       |       |       |    24 |       ||    24
       Lajatang          |       |       |       |       |   417 |   232 ||   649
Throw: Javelin           |    38 |    64 |    14 |    44 |   342 |    98 ||   600
       Boomerang         |    42 |    38 |    25 |   324 |    90 |       ||   519
       Throwing net      |       |       |     2 |     7 |       |       ||     9
       Dart              |       |       |   198 |   144 |    94 |    14 ||   450
 Cast: Portal Projectile |       |       |       |       |     7 |       ||     7
       Airstrike         |       |       |       |       |    32 |       ||    32
       Shock             |       |       |       |       |     6 |       ||     6
Invok: Heroism           |       |       |       |     2 |    16 |       ||    18
       Finesse           |       |       |       |       |     3 |       ||     3
 Abil: Dig               |     1 |     1 |     2 |    16 |     4 |       ||    24
       Blink             |       |     1 |       |    11 |     6 |     1 ||    19
       Hop               |       |       |       |       |    15 |     2 ||    17
Evoke: Wand              |       |       |    20 |    25 |    56 |       ||   101
       Lightning rod     |       |       |       |     8 |    18 |     1 ||    27
       Crystal ball of e |       |       |       |       |     4 |       ||     4
       Phantom mirror    |       |       |       |       |       |     1 ||     1
  Use: Scroll            |     4 |     7 |     9 |     6 |    21 |     8 ||    55
       Potion            |       |     1 |     6 |     2 |    18 |     5 ||    32
 Stab: Sleeping          |       |       |     3 |       |       |       ||     3
       Invisible         |       |       |       |     9 |    10 |       ||    19
       Paralysed         |       |       |       |       |    11 |       ||    11
  Eat: Chunk             |       |     3 |    11 |    17 |    18 |     6 ||    55
       Ration            |       |     1 |     2 |     1 |    11 |       ||    15
Armor: Leather armour    |    10 |    22 |    40 |       |       |       ||    72
       Robe              |       |       |    23 |       |       |       ||    23
       Ice dragon scales |       |       |       |   118 |       |       ||   118
       Ring mail         |       |       |       |    67 |   226 |       ||   293
       Skin              |       |       |       |       |    27 |       ||    27
       Scale mail        |       |       |       |       |    86 |       ||    86
       Plate armour      |       |       |       |       |   177 |       ||   177
       Chain mail        |       |       |       |       |     3 |   256 ||   259
Dodge: Dodged            |    24 |    53 |   237 |   391 |  1167 |   316 ||  2188
       Rpst.: Double sword |       |       |       |       |    34 |       ||    34

Table legend:
 A = Non-vault XP
 B = Vault XP
 C = Vault XP percentage of total XP
 D = Non-vault monster count
 E = Vault monster count
 F = Vault count percentage of total count
                 A         B        C        D         E       F
            +---------+---------+-------+---------+---------+-------
      Total |  118227 |   55162 |  31.8 |     604 |     199 |  24.8
            +---------+---------+-------+---------+---------+-------
        D:1 |      44 |       0 |   0.0 |      22 |       0 |   0.0
        D:2 |      84 |       4 |   4.5 |      25 |       2 |   7.4
        D:3 |     123 |       0 |   0.0 |      22 |       0 |   0.0
        D:4 |     654 |     144 |  18.0 |      27 |       3 |  10.0
        D:5 |     480 |      42 |   8.0 |      11 |       1 |   8.3
        D:6 |     645 |       0 |   0.0 |      13 |       0 |   0.0
        D:7 |    1207 |     116 |   8.8 |      24 |       1 |   4.0
        D:8 |    1032 |    1157 |  52.9 |      16 |       5 |  23.8
        D:9 |    1998 |    1395 |  41.1 |      33 |      21 |  38.9
       D:10 |     868 |    3742 |  81.2 |      12 |       7 |  36.8
       D:11 |    5004 |       0 |   0.0 |      48 |       0 |   0.0
       D:12 |    4521 |    3381 |  42.8 |      40 |      10 |  20.0
     Lair:1 |    3803 |     654 |  14.7 |      18 |       3 |  14.3
     Lair:2 |    2161 |     451 |  17.3 |      13 |       1 |   7.1
     Lair:3 |    7241 |     770 |   9.6 |      24 |       4 |  14.3
     Lair:4 |    5763 |    7047 |  55.0 |      21 |      18 |  46.2
     Lair:5 |    6878 |    2425 |  26.1 |      31 |       8 |  20.5
     Lair:6 |   12081 |   11809 |  49.4 |      43 |      32 |  42.7
   Shoals:1 |   13315 |       0 |   0.0 |      22 |       0 |   0.0
   Shoals:2 |   20457 |     349 |   1.7 |      37 |       1 |   2.6
   Shoals:3 |   20789 |       0 |   0.0 |      37 |       0 |   0.0
   Shoals:4 |    2909 |    1885 |  39.3 |      11 |       2 |  15.4
      Orc:1 |    2159 |    5430 |  71.6 |      21 |      14 |  40.0
      Orc:2 |    4011 |    7359 |  64.7 |      33 |      34 |  50.7
     Bailey |       0 |    1032 | 100.0 |       0 |      11 | 100.0
   Gauntlet |       0 |    5970 | 100.0 |       0 |      21 | 100.0
            +---------+---------+-------+---------+---------+-------
